 Dungeon Crawl Stone Soup version 0.24.0-13-gcf9b319 (webtiles) character file.

Game seed: 855719913987900789, levelgen mode: deterministic

1325676 tmcgee265 the Warrior (level 26, 239/239 (240) HPs)
             Began as a Demigod Conjurer on Nov 16, 2019.
             Escaped with the Orb
             ... and 3 runes on Nov 18, 2019!
             The game lasted 17:26:52 (138935 turns).

tmcgee265 the Warrior (Demigod Conjurer)          Turns: 138935, Time: 17:26:53

HP:   239/239 (240) AC: 32    Str: 17      XL:     26   Next: 64%
MP:   47/47         EV: 19    Int: 29 (35) God:
Gold: 2466          SH:  8    Dex: 17 (22) Spells: 3/53 levels left

rFire    + . .     SeeInvis .   a - +0 mace of Scorn {venom, rElec rN+ MR+ Stlth+}
rCold    + . .     Gourm    .   y - +3 buckler {AC+3}
rNeg     + + .     Faith    .   V - +11 scale mail of Hepliaklqana's Pride {MR+ Stlth+}
rPois    .         Spirit   .   (no helmet)
rElec    +         Reflect  .   r - scarf {rC+ rF+}
rCorr    .         Harm     .   o - +2 pair of gloves {Dex+3}
MR       ++++.                  z - +2 pair of boots {run}
Stlth    ++........             U - amulet of the acrobat
HPRegen  0.49/turn              I - ring "Puiking" {Wiz *Slow rN+ Int+4 Dex+3}
MPRegen  0.30/turn              i - ring of Shadows {Umbra +Inv Stlth+}

@: wreathed by umbra, quick
A: high mp 1, screaming 2, shaggy fur 1, inhibited regeneration, strong 1
0: Orb of Zot
}: 3/15 runes: barnacled, silver, gossamer
a: Evoke Invisibility


You escaped.
You were not hungry.

You visited 9 branches of the dungeon, and saw 49 of its levels.
You also visited: Wizlab.

You collected 7442 gold pieces.
You spent 4976 gold pieces at shops.

Inventory:

Hand Weapons
 a - the +0 mace of Scorn (weapon) {venom, rElec rN+ MR+ Stlth+}
   (You found it on level 3 of the Lair of Beasts)

   It poisons the flesh of those it strikes.
   It insulates you from electricity.
   It protects you from negative energy.
   It affects your resistance to hostile enchantments.
   It makes you more stealthy.
 b - the +8 scimitar of Habriel {slice, +Fly Dex+4}
   (You found it on level 1 of the Vaults)

   It inflicts extra damage upon your enemies.
   It affects your dexterity (+4).
   It lets you fly.
Armour
 o - a +2 pair of gloves of dexterity (worn)
 r - a scarf of resistance (worn)
 y - a +3 buckler of protection (worn)
 z - a +2 pair of boots of running (worn)
 A - the +4 helmet of Okawaru's Regard {rElec}
   (You found it on level 4 of the Vaults)

   It insulates you from electricity.
 V - the +11 scale mail of Hepliaklqana's Pride (worn) {MR+ Stlth+}
   (You found it on level 4 of the Shoals)

   It affects your resistance to hostile enchantments.
   It makes you more stealthy.
Jewellery
 h - the ring "Jilacrue" {rPois MR- MP+9 Str+3}
   (You found it on level 4 of the Depths)

   [ring of magical power]

   It affects your strength (+3).
   It protects you from poison.
   It affects your resistance to hostile enchantments.
   It affects your magic capacity (+9).
 i - the ring of Shadows (right hand) {Umbra +Inv Stlth+}
   (You found it on level 3 of the Lair of Beasts)

   [ring of stealth]

   It lets you turn invisible.
   It makes you more stealthy.
 I - the ring "Puiking" (left hand) {Wiz *Slow rN+ Int+4 Dex+3}
   (You found it in a wizard's laboratory)

   [ring of wizardry]

   It improves your spell success rate.
   It affects your intelligence (+4).
   It affects your dexterity (+3).
   It protects you from negative energy.
   It may slow you when you take damage.
 N - the ring "Wuubop" {rC++ SInv}
   (You found it on level 3 of the Lair of Beasts)

   [ring of see invisible]

   It greatly protects you from cold.
   It lets you see invisible.
 U - an amulet of the acrobat (around neck)
Wands
 p - a wand of iceblast (3)
 s - a wand of enslavement (24)
 F - a wand of paralysis (43)
 M - a wand of digging (4)
 O - a wand of clouds (6)
 R - a wand of disintegration (43)
 Y - a wand of acid (3)
Scrolls
 d - 9 scrolls of teleportation
 j - 2 scrolls of enchant armour
 l - 4 scrolls of immolation
 m - 10 scrolls of fear
 v - 3 scrolls of fog
 C - 11 scrolls of remove curse
 D - 4 scrolls of vulnerability
 H - 3 scrolls of blinking
 L - a scroll of magic mapping
 P - 3 scrolls of identify
 X - 3 scrolls of holy word
Potions
 e - 15 potions of curing
 f - 6 potions of ambrosia
 g - a potion of mutation
 k - 2 potions of cancellation
 n - 3 potions of resistance
 q - 5 potions of heal wounds
 x - 4 potions of agility
 B - 2 potions of magic
 J - 6 potions of might
 S - 6 potions of lignification
 Z - 2 potions of brilliance
Miscellaneous
 u - a lamp of fire
 Q - 2 sacks of spiders
 T - a lightning rod (4/4)
 W - a fan of gales
Comestibles
 c - 21 rations


   Skills:
 + Level 20.5 Fighting
 - Level 15.0 Armour
 + Level 13.9 Dodging
 - Level 4.0 Stealth
 - Level 4.0 Shields
 - Level 14.3 Spellcasting
 + Level 19.3 Conjurations
 - Level 6.0 Hexes
 - Level 8.0 Charms
 - Level 13.0 Summonings
 - Level 6.0 Necromancy
 - Level 3.0 Translocations
 - Level 9.0 Ice Magic
 - Level 9.0 Air Magic
 - Level 6.0 Earth Magic
   Level 3.0 Poison Magic
 - Level 15.0 Evocations


You had 3 spell levels left.
You knew the following spells:

 Your Spells              Type           Power        Failure   Level  Hunger
a - Apportation           Tloc           #####.       1%          1    None
b - Searing Ray           Conj           ######       0%          2    None
c - Iskenderun's Mystic   Conj           #######.     0%          4    None
f - Orb of Destruction    Conj           #######...   1%          7    #####..
g - Freezing Cloud        Conj/Ice/Air   #######...   2%          6    ####...
j - Borgnjor's Vile Clut  Necr/Erth      ######....   5%          5    None
m - Sublimation of Blood  Necr           ######....   1%          2    None
r - Regeneration          Chrm/Necr      ######....   1%          3    None
u - Shadow Creatures      Summ           N/A          1%          6    ####...
v - Summon Mana Viper     Hex/Summ       ######..     1%          5    None
B - Blink                 Tloc           N/A          1%          2    None
S - Spellforged Servitor  Conj/Summ      #######...   2%          7    #####..

Your spell library contained the following spells:

 Spells                   Type           Power        Failure   Level  Hunger
 Magic Dart               Conj           ####         0%          1    None
 Animate Skeleton         Necr           N/A          1%          1    None
 Confusing Touch          Hex            ######       1%          1    None
 Corona                   Hex            ######.      1%          1    None
 Flame Tongue             Conj/Fire      #####        1%          1    None
 Infusion                 Chrm           ####         1%          1    None
 Pain                     Necr           ####         1%          1    None
 Sandblast                Erth           ######       1%          1    None
 Sting                    Conj/Pois      ####         1%          1    None
 Summon Butterflies       Summ           #######.     1%          1    None
 Summon Small Mammal      Summ           ####         1%          1    None
 Call Imp                 Summ           #######.     1%          2    None
 Corpse Rot               Necr           N/A          1%          2    None
 Ensorcelled Hibernation  Hex/Ice        ######       1%          2    None
 Passwall                 Tmut/Erth      #####...     1%          2    None
 Poisonous Vapours        Pois/Air       ######       1%          2    None
 Shroud of Golubria       Chrm/Tloc      ######       1%          2    None
 Slow                     Hex            ######..     1%          2    None
 Song of Slaying          Chrm           ######..     1%          2    None
 Throw Flame              Conj/Fire      ######       1%          2    None
 Call Canine Familiar     Summ           #######.     1%          3    None
 Confuse                  Hex            ######..     1%          3    None
 Conjure Flame            Conj/Fire      ######..     1%          3    None
 Dazzling Spray           Conj/Hex       ######       1%          3    None
 Gell's Gravitas          Tloc           #####.....   1%          3    None
 Inner Flame              Hex/Fire       #####...     1%          3    None
 Lesser Beckoning         Tloc           #####.....   1%          3    None
 Mephitic Cloud           Conj/Pois/Air  ######..     1%          3    None
 Ozocubu's Armour         Chrm/Ice       ######..     1%          3    None
 Portal Projectile        Hex/Tloc       #####.       1%          3    None
 Recall                   Summ/Tloc      N/A          1%          3    None
 Spectral Weapon          Hex/Chrm       ######..     1%          3    None
 Static Discharge         Conj/Air       #######.     1%          3    None
 Stone Arrow              Conj/Erth      ######       1%          3    None
 Summon Guardian Golem    Hex/Summ       ######..     1%          3    None
 Teleport Other           Tloc           #####...     1%          3    None
 Tukima's Dance           Hex            ######..     1%          3    None
 Vampiric Draining        Necr           ######....   1%          3    None
 Beastly Appendage        Tmut           ###...       2%          1    None
 Sticks to Snakes         Tmut           ###.....     3%          2    None
 Spider Form              Tmut/Pois      ####......   3%          3    None
 Ignite Poison            Fire/Tmut/Pois ####....     4%          3    None
 Animate Dead             Necr           N/A          1%          4    None
 Cause Fear               Hex            ######....   1%          4    None
 Force Lance              Conj/Tloc      ######..     1%          4    None
 Fulminant Prism          Conj/Hex       #######...   1%          4    None
 Leda's Liquefaction      Hex/Erth       ######....   1%          4    None
 Sticky Flame             Conj/Fire      ######..     1%          4    None
 Summon Ice Beast         Ice/Summ       ######..     1%          4    None
 Summon Lightning Spire   Summ/Air       ######..     1%          4    None
 Aura of Abjuration       Summ           #######...   1%          5    None
 Bolt of Magma            Conj/Fire/Erth ######....   1%          5    None
 Fireball                 Conj/Fire      ######....   1%          5    None
 Irradiate                Conj/Tmut      ######....   1%          5    None
 Iskenderun's Battlesphe  Conj/Chrm      #######.     1%          5    None
 Lightning Bolt           Conj/Air       #######...   1%          5    None
 Summon Demon             Summ           #######...   1%          5    None
 Venom Bolt               Conj/Pois      ######....   1%          5    None
 Bolt of Cold             Conj/Ice       #######...   1%          6    ####...
 Iron Shot                Conj/Erth      #######...   1%          6    ####...
 Metabolic Englaciation   Hex/Ice        ######....   2%          5    None
 Silence                  Hex/Air        ######....   2%          5    None
 Summon Forest            Summ/Tloc      ######....   2%          5    None
 Ice Form                 Ice/Tmut       #####...     3%          4    None
 Excruciating Wounds      Chrm/Necr      ######....   3%          5    None
 Dispel Undead            Necr           ######..     5%          5    None
 Lee's Rapid Deconstruct  Erth           ######....   5%          5    None
 Petrify                  Tmut/Erth      #####...     6%          4    None
 Bolt of Fire             Conj/Fire      ######....   6%          6    ####...
 Ozocubu's Refrigeration  Ice            ######....   9%          6    ####...
 Monstrous Menagerie      Summ           #######...   9%          7    #####..
 Summon Greater Demon     Summ           #######...   9%          7    #####..
 Summon Hydra             Summ           #######...   9%          7    #####..
 Deflect Missiles         Chrm/Air       ######....   11%         6    ####...
 Simulacrum               Ice/Necr       ######....   16%         6    ####...
 Yara's Violent Unravell  Hex/Tmut       #####.....   17%         5    None
 Death Channel            Necr           ######....   28%         6    ####...
 Alistair's Intoxication  Tmut/Pois      ####....     32%         5    None
 Haunt                    Necr/Summ      ######....   34%         7    #####..
 Blade Hands              Tmut           ###.......   50%         5    None
 Malign Gateway           Summ/Tloc      ######....   54%         7    #####..
 Summon Horrible Things   Summ           #######...   54%         8    #######
 Dispersal                Tloc           #####.....   65%         6    ####...
 Statue Form              Tmut/Erth      #####....    65%         6    ####...
 Hydra Form               Tmut           ###.......   96%         6    ####...
 Ring of Flames           Chrm/Fire      #####.....   97%         7    #####..
 Dragon Form              Tmut           ###.......   100%        7    #####..
 Borgnjor's Revivificati  Necr           ######....   100%        8    #######
 Controlled Blink         Tloc           N/A          100%        8    #######
 Death's Door             Chrm/Necr      ######....   100%        8    #######
 Discord                  Hex            ######....   100%        8    #######
 Disjunction              Tloc           #####.....   100%        8    #######
 Ignition                 Fire           ###.......   100%        8    #######
 Infestation              Necr           ######....   100%        8    #######
 Necromutation            Tmut/Necr      #####.....   100%        8    #######
 Dragon's Call            Summ           #######...   100%        9    #######
 Shatter                  Erth           ######....   100%        9    #######
 Tornado                  Air            ######....   100%        9    #######
 Passage of Golubria      Tloc           Unusable     N/A         4    N/A

Dungeon Overview and Level Annotations

Branches:
Dungeon (15/15)            Temple (0/1) D:7            Lair (6/6) D:9
 Shoals (4/4) Lair:3       Spider (4/4) Lair:2        Slime (0/5) Lair:5
    Orc (2/2) D:11            Elf (3/3) Orc:2        Vaults (5/5) D:13
  Crypt (0/3) Vaults:3     Depths (5/5) D:15            Zot (5/5) Depths:5
 WizLab (visited)

Shops:
D:5 !   D:11 *   Orc:1 :   Orc:2 [*(=   Elf:3 ?   Shoals:3 !*(?   Vaults:4 (
Depths:2 !   Depths:3 !:

Portals:
Hell: Depths:1 Depths:2 Depths:3 Depths:4 Depths:5
Abyss: Depths:4
Pandemonium: Depths:2 Depths:3 Depths:5
Ziggurat: Depths:5
Trove: Elf:1 (give +6 fire dragon scales)
Ice
Cave: D:14

Annotations:
D:14 2 transporters, Zaruny's ghost, adept GrBe
Spider:1 3 runed translucent doors, reptisaurus's ghost, adept OpVM
Spider:2 1 runed translucent door, rakiston's ghost, journeyman MiBe
Depths:4 3 runed translucent doors, exclusion: 3 doors
Zot:1 3 runed translucent doors, exclusion: 3 doors, Emnejil's ghost, master VSBe
Zot:2 3 runed translucent doors, exclusion: 3 doors, Jiorhin's ghost, legendary TrBe


Innate Abilities, Weirdness & Mutations

You have an increased reservoir of magic. (+10% MP)
You sometimes yell uncontrollably at your foes.
You are covered in fur. (AC +1)
You do not regenerate when monsters are visible.
Your muscles are strong. (Str +2)


Message History

Your mana viper barely misses the torturous demonspawn.
Your mana viper closely misses the torturous demonspawn.
Your mana viper bites the torturous demonspawn.
The torturous demonspawn closely misses your mana viper.
Your mana viper closely misses the torturous demonspawn.
Your mana viper barely misses the torturous demonspawn.
Your mana viper bites the torturous demonspawn but does no damage.
Your mana viper bites the torturous demonspawn!
The torturous demonspawn completely misses your mana viper.
Your mana viper bites the torturous demonspawn!
The torturous demonspawn dies!
Your mana viper disappears in a puff of smoke!
There is an open door here.
Your mana viper disappears in a puff of smoke!
Magic restored.
There is an open door here.
There is an open door here.
There is an open door here.
There is a staircase leading out of the dungeon here.
You have escaped!

#.# #.# #.# #.#
####### #.# #.....#
#.# #.....# #.#
#.....# ###'###
###รท###
#....@##########'#####
#.....'...............
#.....################
#######


There were no monsters in sight!

Vanquished Creatures
  4 orbs of fire (Zot:5)
  Mennas (Vaults:3)
  Mara (Vaults:3)
  Bai Suzhen (D:15)
  A Killer Klown (Zot:5)
  Frederick (Vaults:3)
  2 curse toes
  7 golden dragons
  A bone dragon (Depths:5)
  Arachne (Spider:3)
  An electric golem (Zot:2)
  5 tentacled monstrosities
  Rupert (Lair:4)
  13 Orb Guardians
  A deep elf blademaster (Elf:3)
  4 quicksilver dragons
  Asterion (Vaults:3)
  A moon troll (WizLab)
  3 titans (Vaults:5)
  2 deep elf master archers (Elf:3)
  2 death cobs
  A kraken (Shoals:3)
  2 sphinxes
  10 tentacled starspawn (WizLab)
  5 tengu reavers
  5 draconian monks
  Roxanne (Shoals:1)
  5 shadow dragons
  Donald (Shoals:4)
  6 storm dragons
  7 fire giants
  7 frost giants
  7 draconian knights
  11 deep elf sorcerers
  2 draconian scorchers
  An orc warlord (Orc:2)
  15 vault wardens
  5 emperor scorpions
  2 cacodemons (WizLab)
  6 deep elf elementalists
  2 ghost moths (Spider:4)
  3 draconian annihilators
  An iron dragon (Vaults:5)
  3 draconian stormcallers
  18 ironheart preservers
  A juggernaut skeleton (Depths:3)
  5 entropy weavers
  A vampire knight (Depths:3)
  16 stone giants
  4 yellow draconians
  7 deep elf demonologists (Elf:3)
  28 very ugly things
  10 deep elf annihilators
  A dire elephant (Lair:6)
  5 black draconians
  Azrael (D:14)
  3 green draconians
  5 red draconians
  4 purple draconians
  A starcursed mass (WizLab)
  5 white draconians
  5 spark wasps
  The ghost of Serogusm the Archer, a journeyman CeAM of Okawaru (Lair:5)
  9 ettins
  A green death (Depths:5)
  3 deep elf death magi
  A merfolk javelineer (Shoals:4)
  3 crystal guardians
  12 fire dragons
  7 merfolk impalers
  A jiangshi (Depths:3)
  The ghost of Nionet the Protected, a journeyman DDFi of Makhleb (Lair:3)
  7 deep elf high priests
  Josephine (D:14)
  14 yaktaur captains
  4 rakshasas
  9 ice dragons
  9 great orbs of eyes
  6 hydras
  9 centaur warriors
  29 vault guards
  4 merfolk aquamancers
  10 ogre magi
  28 two-headed ogres
  2 spriggan air magi
  2 alligator snapping turtles (Shoals:4)
  3 catoblepae
  5 merfolk avatars
  6 tengu warriors
  An anaconda (shapeshifter) (Vaults:3)
  4 deep troll earth magi
  8 death yaks (Lair:6)
  31 dancing weapons
  9 satyrs
  A queen ant (Spider:1)
  2 deep troll shamans
  8 death scarabs (Spider:4)
  4 orc high priests
  4 spriggan berserkers
  Sonja (Orc:1)
  26 deep elf knights
  A titan skeleton (Depths:3)
  5 skeletal warriors
  A spectral emperor scorpion (Spider:4)
  3 hell knights
  A sixfirhy (D:12)
  A shadow wraith (Vaults:3)
  An unseen horror (D:13)
  An unseen horror (shapeshifter) (Vaults:4)
  10 glowing orange brains
  4 wizards
  2 flayed ghosts
  A spectral hydra (Lair:5)
  An infernal demonspawn (Depths:3)
  An orange crystal statue (WizLab)
  20 deep trolls
  A sea snake (shapeshifter) (Depths:5)
  A swamp dragon (shapeshifter) (Depths:2)
  A tengu zombie (Depths:5)
  7 sea snakes
  17 deep elf archers
  20 harpies
  A spectral wolf spider (Spider:4)
  2 wolf spider zombies (Spider:4)
  12 orb spiders
  17 ironbrand convokers
  A phantasmal warrior (Vaults:5)
  4 necromancers
  4 orc sorcerers
  35 wolf spiders
  12 orc knights
  33 ugly things
  50 deep elf magi
  6 cyclopes
  4 oklob plants (Lair:2)
  15 moths of wrath
  12 manticores
  21 elephants
  24 fauns
  2 centaur zombies
  10 merfolk sirens
  8 water nymphs
  An ice statue (Lair:6)
  Psyche (D:8)
  3 eyes of devastation (WizLab)
  5 black mambas
  A gargoyle (D:13)
  16 vault sentinels
  12 spiny frogs
  A yaktaur (shapeshifter) (Vaults:1)
  2 kobold demonologists (D:15)
  5 spectral redbacks (Spider:4)
  2 torpor snails
  A redback zombie (Spider:4)
  2 rime drakes
  4 freezing wraiths
  57 yaktaurs
  17 demonic crawlers
  5 komodo dragons
  A yaktaur skeleton (Vaults:5)
  A hellwing (Depths:5)
  A tengu conjurer (Depths:1)
  25 merfolk
  A queen bee (D:14)
  A polar bear (shapeshifter) (Vaults:2)
  2 wind drakes
  6 trolls
  3 meliai (D:14)
  9 blink frogs
  43 jumping spiders
  8 hornets
  2 spectral tarantellas (Spider:4)
  9 dream sheep
  5 polar bears
  3 jumping spider zombies (Spider:4)
  29 slime creatures
  12 hippogriffs
  10 snapping turtles
  7 air elementals
  3 flying skulls (Depths:3)
  A spriggan (shapeshifter) (D:14)
  2 spriggans
  A shadow (D:14)
  4 wraiths
  31 tarantellas
  3 wyverns
  21 yaks
  A tarantella (shapeshifter) (Depths:1)
  3 vampires
  6 fire elementals
  A redback (shapeshifter) (Depths:5)
  3 fire bats (Depths:1)
  23 water elementals
  76 redbacks
  9 golden eyes (WizLab)
  4 hungry ghosts
  Grum (D:11)
  2 steam dragons
  A neqoxec (WizLab)
  A chaos spawn (Depths:3)
  12 vampire mosquitoes
  10 wargs
  An acid dragon (D:11)
  14 water moccasins
  4 porcupines
  3 hell hounds (D:14)
  10 soldier ants (Spider:1)
  A hydra simulacrum (Lair:5)
  30 orc warriors
  3 spectral hornets (Spider:4)
  6 black bears
  13 ice beasts
  A hornet zombie (D:11)
  2 sky beasts
  A black bear (shapeshifter) (Depths:1)
  An eye of draining (shapeshifter) (Vaults:3)
  3 phantoms
  A spectral torpor snail (Lair:5)
  18 wolves
  32 ogres
  19 centaurs
  An ogre (shapeshifter) (Vaults:5)
  2 boggarts (Depths:2)
  14 crocodiles
  A big kobold (shapeshifter) (Vaults:2)
  3 big kobolds
  21 bullfrogs
  An earth elemental (Elf:2)
  3 scorpions
  An elf simulacrum (Vaults:1)
  A wyvern skeleton (D:13)
  29 killer bees
  5 wights (D:15)
  A human simulacrum (Vaults:3)
  An electric eel (Spider:1)
  A torpor snail simulacrum (Lair:5)
  11 crimson imps
  A quasit (D:11)
  A bullfrog zombie (D:12)
  A fire crab simulacrum (Lair:5)
  A komodo dragon simulacrum (Lair:5)
  5 jellies
  3 bullfrog skeletons
  26 orc priests
  12 hounds
  37 orc wizards
  4 centaur skeletons
  2 iron imps
  12 iguanas
  25 worker ants
  4 hell rats (Lair:2)
  A hound zombie (D:7)
  A howler monkey zombie (D:8)
  2 howler monkey skeletons
  15 river rats (Lair:2)
  6 adders
  6 shadow imps
  A white imp (Depths:5)
  3 ufetubi (Depths:5)
  An ooze (Lair:5)
  7 worms
  5 dart slugs
  9 leopard geckos
  134 orcs
  A ball python (D:1)
  13 bats
  2 giant cockroaches (D:1)
  10 hobgoblins
  9 jackals
  10 quokkas
  4 frilled lizards
  6 goblins
  12 kobolds
  A quokka skeleton (D:8)
  18 rats
  A butterfly (Lair:2)
  2 crawling corpses (Vaults:5)
  14 plants
  4 starspawn tentacles (WizLab)
  2 tentacles (Shoals:3)
2166 creatures vanquished.

Vanquished Creatures (collateral kills)
  3 orbs of fire (Zot:5)
  2 ancient liches
  A curse toe (Zot:4)
  3 Killer Klowns (Zot:5)
  Jory (Depths:5)
  9 golden dragons
  A bone dragon (Depths:5)
  2 electric golems (Zot:5)
  12 tentacled monstrosities
  12 Orb Guardians (Zot:5)
  4 liches
  3 titans
  5 quicksilver dragons
  6 death cobs
  10 storm dragons
  2 sphinxes
  8 shadow dragons
  A revenant (Depths:3)
  4 tengu reavers
  2 draconian monks
  2 iron dragons
  2 fire giants
  2 ghost moths
  4 vault wardens
  2 frost giants (Depths:4)
  A draconian scorcher (Zot:5)
  3 draconian shifters
  8 stone giants
  An ironheart preserver (Vaults:5)
  A juggernaut skeleton (Depths:3)
  10 very ugly things
  2 draconian annihilators
  3 war gargoyles (WizLab)
  4 green draconians
  6 vampire knights
  3 black draconians
  A red draconian (Zot:3)
  A yellow draconian (Depths:5)
  5 white draconians
  4 spark wasps
  5 purple draconians
  12 ettins
  6 yaktaur captains
  2 deep elf high priests (Vaults:5)
  4 jiangshi (Depths:3)
  8 fire dragons
  2 rakshasas (Depths:2)
  A great orb of eyes (Depths:2)
  7 vault guards (Vaults:5)
  3 ice dragons
  A merfolk avatar (Shoals:3)
  A spriggan air mage (Depths:2)
  2 centaur warriors
  2 vampire magi (Depths:2)
  5 ogre magi
  2 two-headed ogres (Vaults:5)
  2 deep troll shamans
  3 deep troll earth magi
  A tengu warrior (Depths:1)
  A storm dragon zombie (Depths:3)
  An orc high priest (Orc:2)
  Nergalle (D:11)
  A titan skeleton (Depths:3)
  A sixfirhy (Depths:5)
  A storm dragon skeleton (Depths:5)
  An iron troll (Depths:4)
  2 hell knights
  3 spark wasp zombies
  4 deep trolls
  A gelid demonspawn (Depths:5)
  2 flayed ghosts (Depths:3)
  2 phantasmal warriors (Depths:4)
  2 glowing orange brains (WizLab)
  2 torturous demonspawn
  An orc knight (Vaults:5)
  A necromancer (Depths:1)
  A fire giant zombie (Depths:3)
  A deep elf mage (Vaults:5)
  3 ironbrand convokers
  A tengu skeleton (Depths:3)
  3 ugly things
  A frost giant skeleton (Vaults:5)
  10 moths of wrath
  A guardian serpent (shapeshifter) (Vaults:5)
  3 vault sentinels (Vaults:5)
  3 fire giant skeletons
  2 orange demons
  13 yaktaurs
  A tormentor (Depths:3)
  2 yaktaurs (shapeshifter)
  A troll (Vaults:5)
  A tengu conjurer (Depths:2)
  A slime creature (Depths:2)
  A flying skull (Depths:3)
  2 ettin skeletons
  An elf skeleton (Vaults:5)
  A tarantella (Spider:2)
  2 water elementals (Depths:2)
  A fire bat (Depths:1)
  A steam dragon (shapeshifter) (Depths:2)
  A chaos spawn (Depths:5)
  A soldier ant (shapeshifter) (Depths:2)
  3 orc warriors
  2 boggarts (Depths:2)
  A centaur (D:15)
  A quasit (Depths:5)
  An orc wizard (Vaults:4)
  An orc (Orc:2)
  A crawling corpse (Vaults:5)
321 creatures vanquished.

Vanquished Creatures (others)
  A deep elf high priest (Vaults:5)
  A vault guard (Vaults:5)
  A deep elf knight (Elf:2)
  3 deep elf magi (Elf:2)
  2 vault sentinels
  An elephant (Lair:5)
  An earth elemental (Elf:2)
  A hound (D:12)
  A demonic plant (WizLab)
  3 fulminant prisms
  12 fungi
  49 plants
  18 starspawn tentacles (WizLab)
  34 tentacles (Shoals:3)
  2 withered plants (Spider:2)
130 creatures vanquished.

Grand Total: 2617 creatures vanquished

Notes
Turn   | Place    | Note
-------+----------+-------------------------------------------
     0 | D:1      | tmcgee265 the Demigod Conjurer began the quest for the Orb.
     0 | D:1      | Reached XP level 1. HP: 14/14 MP: 5/5
   319 | D:1      | Reached XP level 2. HP: 20/20 MP: 2/7
   371 | D:1      | Learned a level 2 spell: Searing Ray
  1541 | D:1      | Reached XP level 3. HP: 26/26 MP: 3/9
  1982 | D:2      | Found a faded altar of an unknown god.
  2920 | D:3      | Reached XP level 4. HP: 33/33 MP: 4/11
  3154 | D:3      | Learned a level 4 spell: Iskenderun's Mystic Blast
  3911 | D:3      | Found an ancient bone altar of Kikubaaqudgha.
  3911 | D:3      | Found a sacrificial altar of Ru.
  3915 | D:3      | Reached XP level 5. HP: 38/38 MP: 9/12
  3948 | D:3      | Found a radiant altar of Vehumet.
  3965 | D:3      | Found a shadowy altar of Dithmenos.
  3966 | D:3      | Found a snail-covered altar of Cheibriados.
  4266 | D:3      | Found a hazy altar of Hepliaklqana.
  4476 | D:4      | Reached skill level 5 in Conjurations
  4653 | D:4      | Reached XP level 6. HP: 28/45 MP: 0/15
  6106 | D:5      | Entered Level 5 of the Dungeon
  6358 | D:5      | Reached XP level 7. HP: 50/50 MP: 11/17
  6640 | D:5      | Reached skill level 5 in Spellcasting
  7072 | D:5      | Found a blossoming altar of Fedhas.
  7195 | D:4      | Reached skill level 1 in Fighting
  7440 | D:5      | Found Rudoaly's Distillery.
  8173 | D:5      | Reached XP level 8. HP: 47/61 MP: 15/20
  8257 | D:5      | Bought a potion of heal wounds for 55 gold pieces
  8257 | D:5      | Bought a potion of magic for 88 gold pieces
  8336 | D:6      | Found a snail-covered altar of Cheibriados.
  8450 | D:6      | Reached skill level 2 in Fighting
  9137 | D:6      | Found a shimmering altar of Xom.
  9265 | D:6      | Found an ornate altar of the Wu Jian Council.
  9371 | D:6      | Reached skill level 3 in Fighting
  9621 | D:7      | Found a glowing silver altar of Zin.
  9747 | D:7      | Learned a level 3 spell: Regeneration
  9864 | D:7      | Found a staircase to the Ecumenical Temple.
  9917 | D:7      | Reached skill level 1 in Charms
  9917 | D:7      | Reached skill level 1 in Necromancy
  9931 | D:7      | Noticed a moth of wrath
  9935 | D:7      | Found a bloodstained altar of Trog.
 10216 | D:7      | Found a glowing golden altar of the Shining One.
 10355 | D:7      | Reached XP level 9. HP: 70/70 MP: 18/21
 10800 | D:7      | Found a shimmering blue altar of Sif Muna.
 11532 | D:8      | Noticed Psyche
 11562 | D:8      | Killed Psyche
 11669 | D:8      | Learned a level 4 spell: Fulminant Prism
 11680 | D:8      | Noticed a white ugly thing
 11695 | D:8      | Killed a white ugly thing
 11695 | D:8      | Reached skill level 1 in Hexes
 11700 | D:8      | Reached skill level 4 in Fighting
 12291 | D:8      | Found a sparkling altar of Nemelex Xobeh.
 13077 | D:9      | Found a roughly hewn altar of Beogh.
 13184 | D:9      | Reached XP level 10. HP: 80/80 MP: 11/22
 13684 | D:9      | Reached skill level 5 in Dodging
 13820 | D:9      | Identified the +3 long sword of Disgust {antimagic, *Slow
                  | +Inv rPois Int+6}
 13836 | D:9      | Found a staircase to the Lair.
 14294 | D:9      | Identified the Handbook of Aid
 14302 | D:9      | Learned a level 5 spell: Iskenderun's Battlesphere
 14416 | D:9      | Reached skill level 5 in Fighting
 14801 | D:9      | Reached skill level 1 in Armour
 14844 | D:9      | Found a burning altar of Makhleb.
 14952 | D:10     | Entered Level 10 of the Dungeon
 16710 | D:11     | Noticed a two-headed ogre
 16753 | D:11     | Reached skill level 5 in Charms
 17177 | D:11     | Noticed a purple ugly thing
 17190 | D:11     | Killed a purple ugly thing
 17508 | D:11     | Found Mahaluk's Assorted Antiques.
 17535 | D:11     | Killed a two-headed ogre
 17535 | D:11     | Reached skill level 6 in Fighting
 17535 | D:11     | Reached XP level 11. HP: 85/89 MP: 1/24
 17882 | D:11     | Found a staircase to the Orcish Mines.
 18051 | D:11     | Noticed Grum
 18058 | D:11     | Killed Grum
 18288 | D:11     | Bought a pair of gloves for 121 gold pieces
 18288 | D:11     | Bought a shiny helmet for 202 gold pieces
 18609 | Lair:1   | Entered Level 1 of the Lair of Beasts
 18613 | Lair:1   | Got a smoking robe
 18685 | Lair:1   | Identified the +0 robe of the Louse {Str+7} (You found it
                  | on level 1 of the Lair of Beasts)
 19025 | Lair:1   | Reached skill level 5 in Hexes
 19963 | Lair:2   | Found a hole to the Spider Nest.
 20483 | Lair:2   | Noticed a four-headed hydra
 20489 | Lair:2   | Killed a four-headed hydra
 20505 | Lair:2   | Reached skill level 7 in Fighting
 21962 | Lair:2   | Reached skill level 5 in Armour
 22468 | Lair:2   | Reached skill level 10 in Conjurations
 22468 | Lair:2   | Reached XP level 12. HP: 94/100 MP: 1/25
 22765 | Lair:3   | Got an ancient bronze ring
 22845 | Lair:3   | Identified the ring "Wuubop" {rC++ SInv} (You found it on
                  | level 3 of the Lair of Beasts)
 23020 | Lair:3   | Got an ichor-stained mace
 23381 | Lair:3   | Identified the cursed +0 mace of Scorn {venom, rElec rN+
                  | MR+ Stlth+} (You found it on level 3 of the Lair of Beasts)
 23397 | Lair:3   | Found a large runed translucent door.
 23398 | Lair:3   | Found a large runed translucent door.
 23873 | Lair:3   | Found a staircase to the Shoals.
 23992 | Lair:3   | Noticed Nionet's ghost (journeyman DDFi)
 23993 | Lair:3   | Found the ring of Shadows {Umbra +Inv Stlth+}
 24149 | Lair:4   | Noticed Rupert
 24161 | Lair:4   | Killed Rupert
 24161 | Lair:4   | Reached skill level 8 in Fighting
 25330 | Lair:5   | Found a runed translucent gate.
 25330 | Lair:5   | Found a runed translucent gate.
 25348 | Lair:5   | Learned a level 2 spell: Blink
 25471 | Lair:5   | Noticed a six-headed hydra
 25479 | Lair:5   | Killed a six-headed hydra
 25582 | Lair:5   | Reached skill level 1 in Translocations
 25585 | Lair:5   | Reached skill level 1 in Evocations
 25821 | Lair:5   | Found a staircase to the Slime Pits.
 26358 | Lair:5   | Noticed a catoblepas
 26396 | Lair:5   | Killed a catoblepas
 26886 | Lair:5   | Found a runed translucent gate.
 26891 | Lair:5   | Noticed Serogusm's ghost (journeyman CeAM)
 27212 | Lair:6   | Entered Level 6 of the Lair of Beasts
 27212 | Lair:6   | Noticed a five-headed hydra
 27399 | Lair:6   | Reached XP level 13. HP: 108/108 MP: 8/28
 28169 | Lair:6   | Reached skill level 9 in Fighting
 29525 | Lair:5   | Learned a level 3 spell: Conjure Flame
 31521 | Lair:6   | Reached skill level 5 in Evocations
 32548 | Lair:6   | Noticed a dire elephant
 32581 | Lair:6   | Killed a dire elephant
 32581 | Lair:6   | Reached skill level 10 in Fighting
 33132 | Orc:1    | Entered Level 1 of the Orcish Mines
 33878 | Orc:1    | Reached XP level 14. HP: 121/121 MP: 12/31
 34071 | Orc:1    | Found Afaaptac's Book Shop.
 34084 | Orc:1    | Noticed Sonja
 34091 | Orc:1    | Killed Sonja
 34381 | Orc:2    | Entered Level 2 of the Orcish Mines
 34381 | Orc:2    | Found a staircase to the Elven Halls.
 35265 | Orc:2    | Noticed an orc warlord
 35273 | Orc:2    | Killed an orc warlord
 36751 | Orc:2    | Found Inaenafiar's General Store.
 36752 | Orc:2    | Found Nacamiow's Jewellery Boutique.
 36753 | Orc:2    | Found Benkuxt's Antique Armour Shop.
 36753 | Orc:2    | Found Ullofrou's Antique Weapon Shop.
 36868 | Orc:1    | Bought a book of Clouds for 630 gold pieces
 36875 | Orc:1    | Learned a level 6 spell: Freezing Cloud
 37826 | D:12     | Noticed Nergalle
 38014 | D:12     | Reached skill level 1 in Ice Magic
 38158 | D:11     | Killed Nergalle
 40601 | D:13     | Reached skill level 11 in Fighting
 40815 | D:13     | Found a gate to the Vaults.
 40968 | D:14     | Found a transporter.
 40971 | D:14     | Noticed Zaruny's ghost (adept GrBe)
 40974 | D:14     | Found a transporter.
 41034 | D:14     | Noticed Azrael
 41051 | D:14     | Killed Azrael
 41430 | D:14     | Noticed Josephine
 41508 | D:14     | Found a shattered altar of Ashenzari.
 42835 | Lair:3   | Killed Nionet's ghost
 42835 | Lair:3   | Reached XP level 15. HP: 109/130 MP: 7/33
 43110 | Lair:5   | Killed Serogusm's ghost
 43124 | Lair:5   | Reached skill level 10 in Spellcasting
 43546 | D:14     | Killed Josephine
 43744 | D:15     | Entered Level 15 of the Dungeon
 43744 | D:15     | Found a frozen archway.
 44992 | D:14     | Reached skill level 1 in Shields
 45223 | D:15     | Noticed a fire giant
 45236 | D:15     | Found a staircase to the Depths.
 45255 | D:15     | Killed a fire giant
 45948 | Orc:1    | Learned a level 2 spell: Poisonous Vapours
 46083 | Spider:1 | Entered Level 1 of the Spider Nest
 46179 | Lair:2   | Reached skill level 1 in Poison Magic
 48403 | Spider:1 | Found a runed translucent gate.
 48403 | Spider:1 | Found a runed translucent gate.
 48403 | Spider:1 | Found a runed translucent gate.
 48404 | Spider:1 | Noticed reptisaurus's ghost (adept OpVM)
 49199 | Spider:1 | Reached skill level 5 in Ice Magic
 50593 | Spider:1 | Reached skill level 1 in Air Magic
 52119 | Spider:2 | Got a transparent scimitar
 52120 | Spider:2 | Identified the cursed +3 scimitar of the Unspeakable One
                  | {slice, +Fly rF+ Int+3} (You found it on level 2 of the
                  | Spider Nest)
 52558 | Spider:2 | Reached skill level 12 in Fighting
 53262 | Spider:2 | Found a runed translucent door.
 53263 | Spider:2 | Noticed rakiston's ghost (journeyman MiBe)
 54160 | Spider:2 | Reached XP level 16. HP: 117/139 MP: 30/35
 55600 | Spider:3 | Noticed Arachne
 55618 | Spider:3 | Killed Arachne
 55659 | Spider:3 | Reached skill level 5 in Air Magic
 55856 | Spider:3 | Learned a level 3 spell: Ozocubu's Armour
 56010 | Spider:4 | Entered Level 4 of the Spider Nest
 60417 | Spider:3 | Reached skill level 13 in Fighting
 62237 | Spider:4 | Got a gossamer rune of Zot
 62497 | Elf:1    | Entered Level 1 of the Elven Halls
 62638 | Elf:1    | Found a portal to a secret trove of treasure.
 63033 | Elf:1    | Reached XP level 17. HP: 144/150 MP: 7/37
 64631 | Elf:2    | Found a runed translucent gate.
 64631 | Elf:2    | Found a runed translucent gate.
 65237 | Elf:2    | Found a runed translucent gate.
 66180 | Elf:2    | Reached skill level 10 in Evocations
 66525 | Elf:3    | Entered Level 3 of the Elven Halls
 66869 | Elf:3    | Found Xoetourch's Magic Scroll Boutique.
 67012 | Elf:3    | Bought a scroll of teleportation for 33 gold pieces
 67012 | Elf:3    | Bought a scroll of fog for 22 gold pieces
 67570 | Elf:3    | Reached skill level 14 in Fighting
 68398 | Elf:3    | Noticed an Ice Fiend
 69057 | Elf:3    | Reached XP level 18. HP: 154/160 MP: 17/39
 69579 | Elf:3    | Identified the +4 flail "Fatwim" {speed, rF+ Str+4 Dex+2}
 69642 | Elf:3    | Identified the ring of Guciecum {Fire rN+ Str+6}
 69782 | Elf:3    | Noticed a Brimstone Fiend
 70213 | Elf:3    | Identified the cursed +0 ring mail "Esygots" {rF+}
 70264 | Elf:3    | Found the +0 sword of Power
 70268 | Elf:3    | Identified the Handbook of Quantum Ice
 70303 | Elf:3    | Identified the Volume of Space
 70343 | Elf:3    | Got a faintly glowing hand crossbow
 70344 | Elf:3    | Identified the +6 hand crossbow "Morex" {speed, +Inv} (You
                  | found it on level 3 of the Elven Halls)
 70518 | Elf:3    | Learned a level 5 spell: Summon Mana Viper
 71402 | D:14     | Learned a level 6 spell: Iron Shot
 71567 | Shoals:1 | Entered Level 1 of the Shoals
 71576 | Shoals:1 | Reached skill level 1 in Summonings
 72310 | Shoals:1 | Noticed Roxanne
 72712 | Shoals:1 | Killed Roxanne
 72965 | Shoals:1 | Learned a level 7 spell: Orb of Destruction
 72967 | Shoals:1 | Learned a level 1 spell: Apportation
 75037 | Shoals:3 | Found Qeaplu's Magic Scroll Boutique.
 75048 | Shoals:3 | Bought a scroll of teleportation for 51 gold pieces
 75048 | Shoals:3 | Bought a scroll of acquirement for 884 gold pieces
 75048 | Shoals:3 | Bought a scroll of fear for 59 gold pieces
 75048 | Shoals:3 | Bought a scroll of teleportation for 51 gold pieces
 75051 | Shoals:3 | Got a pair of ichor-stained boots
 75052 | Shoals:3 | Identified the +2 pair of boots "Peupti" {+Inv Str-2 Int+7
                  | Stlth+} (You acquired it on level 3 of the Shoals)
 76489 | Shoals:3 | Found Mueduhun's Assorted Antiques.
 76845 | Shoals:3 | Found a snail-covered altar of Cheibriados.
 77573 | Shoals:3 | Found Lempun's Antique Weapon Shop.
 77716 | Shoals:3 | Found Ilixo's Distillery.
 77920 | Shoals:3 | Bought a potion of heal wounds for 55 gold pieces
 77920 | Shoals:3 | Bought a potion of magic for 88 gold pieces
 77920 | Shoals:3 | Bought a potion of haste for 110 gold pieces
 77920 | Shoals:3 | Bought a potion of curing for 33 gold pieces
 77920 | Shoals:3 | Bought a potion of heal wounds for 55 gold pieces
 77920 | Shoals:3 | Bought a potion of agility for 44 gold pieces
 77957 | Shoals:3 | Bought an ichor-stained long sword for 272 gold pieces
 77957 | Shoals:3 | Identified the cursed +0 long sword "Tageet" {drain, +Fly
                  | rF+ Str+4} (You bought it in a shop on level 3 of the
                  | Shoals)
 77958 | Shoals:3 | Bought a dazzling dagger for 224 gold pieces
 77958 | Shoals:3 | Identified the +1 dagger of Anweoh {pierce, Dex+3} (You
                  | bought it in a shop on level 3 of the Shoals)
 78038 | Shoals:4 | Entered Level 4 of the Shoals
 78978 | Shoals:4 | Got a barnacled rune of Zot
 78990 | Shoals:4 | Reached skill level 15 in Fighting
 79155 | Shoals:4 | Reached XP level 19. HP: 170/170 MP: 26/41
 79179 | Shoals:4 | Got an encrusted quarterstaff
 79971 | Shoals:4 | Noticed Donald
 79983 | Shoals:4 | Killed Donald
 80188 | Shoals:4 | Reached skill level 5 in Summonings
 80346 | Shoals:4 | Identified the ring of Cuef {*Tele rF+}
 80628 | Shoals:4 | Identified the +6 quarterstaff "Jamay" {crush, Dex+2} (You
                  | found it on level 4 of the Shoals)
 80641 | Shoals:4 | Got an encrusted scale mail
 81118 | Shoals:4 | Identified the +11 scale mail of Hepliaklqana's Pride {MR+
                  | Stlth+} (You found it on level 4 of the Shoals)
 81423 | Vaults:1 | Entered Level 1 of the Vaults
 82192 | Vaults:1 | Got a bloodstained whip
 82791 | Vaults:1 | Got a fine scimitar
 82794 | Vaults:1 | Identified the +7 whip of Piluraj {drain, -Tele rN++ MR-
                  | Dex+8} (You found it on level 1 of the Vaults)
 82795 | Vaults:1 | Identified the +8 scimitar of Habriel {slice, +Fly Dex+4}
                  | (You found it on level 1 of the Vaults)
 82825 | Vaults:1 | Identified the +4 scale mail of the Pleiades {rC- MR+
                  | rCorr}
 83063 | Vaults:1 | Identified the +9 arbalest "Goblinbane" {penet, Dex+4}
 83316 | Vaults:1 | Got a jewelled chain mail
 84449 | Vaults:1 | Reached skill level 10 in Armour
 85083 | Vaults:1 | Got a twitching silver amulet
 85848 | Vaults:1 | Identified the amulet of Cuptal {Inacc MR+ Stlth+} (You
                  | found it on level 1 of the Vaults)
 87863 | Vaults:2 | Reached XP level 20. HP: 180/180 MP: 29/43
 88584 | Vaults:3 | Noticed Mara
 88752 | Vaults:3 | Noticed Mennas
 88901 | Vaults:3 | Found a staircase to the Crypt.
 89141 | Vaults:3 | Killed Mara
 89891 | Vaults:3 | Reached skill level 16 in Fighting
 90346 | Vaults:3 | Noticed Frederick
 90362 | Vaults:3 | Killed Frederick
 90908 | Vaults:3 | Noticed Asterion
 92634 | Vaults:3 | Killed Asterion
 93349 | Vaults:3 | Learned a level 7 spell: Spellforged Servitor
 93649 | Vaults:3 | Killed Mennas
 94631 | Vaults:4 | Got a shimmering helmet
 95784 | Vaults:4 | Identified the +4 helmet of Okawaru's Regard {rElec} (You
                  | found it on level 4 of the Vaults)
 96865 | Vaults:4 | Found Liofykos's Weapon Emporium.
 96899 | Vaults:4 | Reached XP level 21. HP: 154/189 MP: 10/44
 99729 | Depths:1 | Entered Level 1 of the Depths
 99740 | D:15     | Reached skill level 10 in Summonings
100911 | Depths:1 | Noticed Bai Suzhen
101165 | D:15     | Killed Bai Suzhen
101681 | Depths:1 | Reached skill level 15 in Conjurations
103204 | Depths:1 | Found a gateway to Hell.
103243 | Depths:2 | Found a magical portal.
104773 | WizLab   | Got a faintly glowing lead ring
104775 | WizLab   | Identified the ring "Puiking" {Wiz *Slow rN+ Int+4 Dex+3}
                  | (You found it in a wizard's laboratory)
105225 | WizLab   | Reached skill level 17 in Fighting
105431 | WizLab   | Found a transporter.
106081 | WizLab   | Found a transporter.
106560 | WizLab   | Reached XP level 22. HP: 199/199 MP: 25/46
106653 | WizLab   | Got a bloodstained helmet
106678 | WizLab   | Identified the +2 helmet of Yredelemnul's Wrath {rElec rC-
                  | SInv} (You found it in a wizard's laboratory)
107638 | Depths:2 | Reached skill level 15 in Armour
107914 | Depths:2 | Found a one-way gate leading to the halls of Pandemonium.
107983 | Depths:2 | Found a stormy altar of Qazlal.
109586 | Depths:2 | Found Fidghumay's Distillery.
109596 | Depths:2 | Bought a potion of curing for 51 gold pieces
109596 | Depths:2 | Bought a potion of curing for 51 gold pieces
109596 | Depths:2 | Bought a potion of haste for 170 gold pieces
109603 | Depths:2 | Learned a level 5 spell: Borgnjor's Vile Clutch
109603 | Depths:2 | Reached XP level 23. HP: 206/206 MP: 47/47
111645 | Depths:3 | Found Naroix's Book Shoppe.
111645 | Depths:3 | Found Xanedghio's Distillery.
111838 | Depths:3 | Bought a potion of magic for 88 gold pieces
111838 | Depths:3 | Bought a potion of heal wounds for 55 gold pieces
111838 | Depths:3 | Bought a potion of haste for 110 gold pieces
111838 | Depths:3 | Bought a potion of heal wounds for 55 gold pieces
111838 | Depths:3 | Bought a potion of agility for 44 gold pieces
114683 | Depths:4 | Found a one-way gate to the infinite horrors of the Abyss.
114860 | Depths:4 | Reached skill level 5 in Necromancy
115222 | Depths:4 | Found a blossoming altar of Fedhas.
115228 | Depths:4 | Found a runed translucent door.
115528 | Depths:4 | Found a runed translucent door.
115800 | Depths:4 | Noticed a juggernaut
115801 | Depths:4 | Found a runed translucent door.
115821 | Depths:4 | Identified the Compendium of Insomnia
115822 | Depths:4 | Got a glittering tin ring
116153 | Depths:5 | Entered Level 5 of the Depths
117163 | Depths:5 | Reached XP level 24. HP: 184/216 MP: 24/47
117471 | Depths:5 | Identified the ring "Jilacrue" {rPois MR- MP+9 Str+3} (You
                  | found it on level 4 of the Depths)
117498 | Depths:5 | Found a gateway to a ziggurat.
117503 | Depths:5 | Reached skill level 5 in Earth Magic
118037 | Depths:5 | Identified the +6 dagger of Cuna {elec, +Blink +Inv}
118214 | Depths:5 | Noticed Jory
118250 | Depths:5 | Killed Jory
119063 | Depths:5 | Reached skill level 18 in Fighting
119067 | Depths:5 | Found a gate to the Realm of Zot.
120259 | Depths:3 | Bought a book of Alchemy for 1275 gold pieces
120262 | Depths:3 | Learned a level 2 spell: Sublimation of Blood
120574 | Vaults:5 | Entered Level 5 of the Vaults
121214 | Vaults:5 | Noticed an ancient lich
121225 | Vaults:5 | Killed an ancient lich
121996 | Vaults:5 | Reached skill level 10 in Dodging
122708 | Vaults:5 | Got a silver rune of Zot
122921 | Vaults:5 | Identified Sagum's Catalogue of Stolen Souls and Venom
122997 | Vaults:5 | Identified a +1 pair of boots of running (You found it on
                  | level 5 of the Vaults)
123351 | Vaults:5 | Identified the Reference Book on Transformation and Toxins
123598 | Vaults:5 | Learned a level 6 spell: Shadow Creatures
124074 | Zot:1    | Entered Level 1 of the Realm of Zot
124713 | Zot:1    | Reached XP level 25. HP: 156/226 MP: 17/47
124901 | Zot:1    | Reached skill level 19 in Fighting
125373 | Zot:1    | Found a runed translucent gate.
125373 | Zot:1    | Found a runed translucent gate.
125373 | Zot:1    | Found a runed translucent gate.
125376 | Zot:1    | Noticed Emnejil's ghost (master VSBe)
127312 | Zot:2    | Found a runed translucent gate.
127312 | Zot:2    | Found a runed translucent gate.
127312 | Zot:2    | Found a runed translucent gate.
127314 | Zot:2    | Noticed Jiorhin's ghost (legendary TrBe)
132048 | Zot:5    | Entered Level 5 of the Realm of Zot
133382 | Zot:5    | Noticed an orb of fire
133382 | Zot:5    | Noticed an orb of fire
133383 | Zot:5    | Noticed an orb of fire
133391 | Zot:5    | Gained mutation: Your body sometimes deteriorates upon
                  | taking damage. [an orb of fire]
134067 | Zot:5    | Gained mutation: You are weak. (Str -2) [an orb of fire]
134068 | Zot:5    | Killed an orb of fire
134195 | Zot:5    | Reached XP level 26. HP: 237/237 MP: 35/47
134262 | Zot:5    | Killed an orb of fire
134326 | Zot:5    | Noticed an ancient lich
134350 | Zot:5    | Killed an ancient lich
134350 | Zot:5    | Reached skill level 20 in Fighting
134544 | Zot:5    | Gained mutation: You are clumsy. (Dex -2) [an orb of fire]
134651 | Zot:5    | Killed an orb of fire
134967 | Zot:5    | Noticed an orb of fire
134969 | Zot:5    | Noticed an orb of fire
134969 | Zot:5    | Noticed an orb of fire
134969 | Zot:5    | Gained mutation: You do not regenerate when monsters are
                  | visible. [an orb of fire]
134970 | Zot:5    | Gained mutation: Your body often deteriorates upon taking
                  | damage. [an orb of fire]
134971 | Zot:5    | Killed an orb of fire
135411 | D:15     | Lost mutation: You are weak. (Str -2) [potion of mutation]
135411 | D:15     | Lost mutation: You are clumsy. (Dex -2) [potion of
                  | mutation]
135411 | D:15     | Lost mutation: Your body often deteriorates upon taking
                  | damage. [potion of mutation]
135411 | D:15     | Gained mutation: Your body often deteriorates upon taking
                  | damage. [potion of mutation]
135411 | D:15     | Gained mutation: You have sharp toenails. [potion of
                  | mutation]
135411 | D:15     | Gained mutation: Your system is resistant to poisons.
                  | (rPois) [potion of mutation]
135467 | D:13     | Lost mutation: Your body often deteriorates upon taking
                  | damage. [potion of mutation]
135467 | D:13     | Lost mutation: Your body sometimes deteriorates upon taking
                  | damage. [potion of mutation]
135467 | D:13     | Gained mutation: You are covered in fur. (AC +1) [potion of
                  | mutation]
135467 | D:13     | Gained mutation: You are weak. (Str -2) [potion of
                  | mutation]
135467 | D:13     | Lost mutation: You are weak. (Str -2) [potion of mutation]
135467 | D:13     | Gained mutation: Your mind is acute. (Int +2) [potion of
                  | mutation]
136197 | Zot:5    | Gained mutation: You are weak. (Str -2) [an orb of fire]
136201 | Zot:5    | Killed an orb of fire
136201 | Zot:5    | Gained mutation: You tend to lose your temper in combat.
                  | [an orb of fire]
136423 | Zot:4    | Lost mutation: You are weak. (Str -2) [potion of mutation]
136423 | Zot:4    | Lost mutation: Your mind is acute. (Int +2) [potion of
                  | mutation]
136423 | Zot:4    | Lost mutation: You tend to lose your temper in combat.
                  | [potion of mutation]
136423 | Zot:4    | Lost mutation: Your system is resistant to poisons. (rPois)
                  | [potion of mutation]
136423 | Zot:4    | Gained mutation: You have a pair of small horns on your
                  | head. [potion of mutation]
136423 | Zot:4    | Gained mutation: You possess an exceptional clarity of
                  | mind. [potion of mutation]
136496 | Zot:5    | Killed an orb of fire
136660 | Zot:4    | Lost mutation: You possess an exceptional clarity of mind.
                  | [potion of mutation]
136660 | Zot:4    | Lost mutation: You have a pair of small horns on your head.
                  | [potion of mutation]
136660 | Zot:4    | Lost mutation: You have sharp toenails. [potion of
                  | mutation]
136660 | Zot:4    | Gained mutation: Your muscles are strong. (Str +2) [potion
                  | of mutation]
136736 | Zot:5    | Noticed an orb of fire
136742 | Zot:5    | Gained mutation: You occasionally shout uncontrollably at
                  | your foes. [an orb of fire]
136744 | Zot:5    | Killed an orb of fire
138137 | Zot:5    | Got the Orb of Zot
138217 | Zot:3    | Gained mutation: You sometimes yell uncontrollably at your
                  | foes. [mutagenic glow]
138255 | Zot:1    | Noticed a seraph
138449 | D:14     | Reached skill level 15 in Evocations
138935 | D:$      | Escaped with the Orb!

Levels and vault maps discovered:
D:1:      elethiomel_arrival_fortress_basement, layout_basic
D:2:      layout_rooms, chequers_ecumenical_altar_simple,
          minmay_misc_feat_pillars
D:3:      layout_basic, chequers_temple_overflow_minitemple, marbit_many_paths,
          minmay_checkerbox
D:4:      layout_basic, first_ration, minmay_misc_feat_columns,
          minmay_tree_intersection
D:5:      layout_basic, fedhas_altar_2, minmay_shop_grid_forest
D:6:      layout_basic, kennysheep_mini_moat, basic_altar,
          kennysheep_slug_shrine
D:7:      kennysheep_spiral_hall, layout_gridville, zin_treasury, tgw_trog,
          overflow_temple_1_default, kennysheep_mini,
          minmay_temple_entry_butterflies, serial_co_window_serial,
          co_window_paths_a, co_window_corner_a, co_window_corner_a,
          co_window_paths_a, co_window_corner_a, co_window_broadway_c,
          co_window_corner_cb, co_window_of_opportunity_b,
          co_window_unsneaky_path_e, co_window_broadway_b, glass_columns_a,
          glass_columns_b, the_bakery
D:8:      minmay_clustersquares, layout_basic, basic_altar, uniq_psyche
D:9:      layout_roguey [special_room_orc], lemuel_coloured_pillars_altar,
          erik_lair_orcish_takeover
D:10:     layout_cave_pods
D:11:     layout_rooms, david_orc_2, serial_shops, shop, serial_park_tiny_1,
          minivault_23, kennysheep_small_square, uniq_grum
D:12:     layout_rooms, uniq_nergalle
D:13:     layout_cave_pools, hangedman_vaults_entry_quadrant_bands,
          lemuel_old_faithful
D:14:     layout_roguey, gammafunk_ghost_arena, evilmike_ruin_ashenzari,
          special_room [special_room_bee], eino_tiny_chamber, uniq_azrael,
          uniq_josephine
D:15:     grunt_enter_depths_giant_problem, layout_small_grid,
          minmay_fountain_box, portal_ice_cave_rime
Lair:1:   layout_misc_corridors, serial_bayou_shore_b,
          infiniplex_staircase_pool, lemuel_fruit_tree, serial_bayou_shore_b,
          grunt_megastairs_4
Lair:2:   lemuel_ratsnest, layout_misc_corridors,
          nicolae_spider_entry_tight_spaces, beast_lair_carwin_9,
          minmay_lair_oklob_chamber, lemuel_fruit_fields
Lair:3:   layout_chaotic_city, elwin_shoals_entry_rooms,
          ebering_ghost_disaster_area, serial_bayou_shore_b
Lair:4:   layout_gridlike, uniq_rupert
Lair:5:   layout_concentric_octagons, nicolae_slime_entry_slimehenge,
          gammafunk_ghost_necromancy, grunt_megastairs_3, lemuel_fruit_fields,
          serial_bayou_shore_b, infiniplex_staircase_pool_2
Lair:6:   grunt_lair_end_beastmaster, layout_regular_city, ice2_lemuel
Shoals:1: layout_shoals, uniq_roxanne
Shoals:2: layout_shoals
Shoals:3: cheibrodos_shoals_satyrical_garden, layout_shoals, serial_shops,
          nicolae_shop_competitors_out_of_business, shop, nicolae_shop_crystal,
          shop, wheals_shoals_ruined_temple
Shoals:4: shoals_end_grunt_garden, layout_shoals, uniq_donald
Spider:1: layout_spider_delve, gammafunk_ghost_necromancy,
          minmay_another_anthill
Spider:2: layout_spider_delve, gammafunk_ghost_grave
Spider:3: layout_spider_delve, uniq_arachne
Spider:4: floodkiller_spider_rune_tomb
Orc:1:    layout_caves, serial_shops, shop, mines5_lemuel, uniq_sonja
Orc:2:    st_orc_congregation, layout_caves, mines2_lemuel
Elf:1:    layout_gridlike, enter_trove_3, minivault_28
Elf:2:    layout_gridlike, drop_trap
Elf:3:    minmay_elf_hall_curves, layout_geoelf_grid, serial_shops,
          nicolae_shop_trees, st_stairs_10
Vaults:1: v_misc_12, nicolae_vaults_network_quinsquares
          [nicolae_vaults_network_quincunx_subvault,
          nicolae_vaults_network_quincunx_subvault,
          nicolae_vaults_network_quincunx_subvault,
          nicolae_vaults_network_quincunx_subvault],
          nicolae_vaults_yaktaur_gun_rack, nicolae_vaults_mini_display_case,
          vaults_room_stairs_pillars, nicolae_vaults_ring_of_whatevers,
          vaults_standard_mumra_x, v_misc_19, v_alt_pattern_2,
          nicolae_vaults_little_squares_3, vaults_room_guarded_vault,
          layout_vaults_big_room, serial_glass
Vaults:2: vaults_dpeg_doors, nicolae_vaults_what_the_h, v_pattern_2,
          ontoclasm_vaults_ligature, vaults_room_semicircle,
          layout_vaults_omnigrid
Vaults:3: vaults_mumra_minichess, nicolae_vaults_ninety_degrees, v_misc_5,
          v_rooms_4, vaults_mumra_hex, vaults_room_fancy_cross,
          hangedman_vaults_slither, vaults_room_door_ring,
          nicolae_vaults_asterisk, nicolae_vaults_little_squares_2,
          vaults_mumra_chevron, vaults_dpeg_diagonal, vaults_dpeg_ring,
          layout_vaults_omnicross, uniq_asterion, uniq_frederick, uniq_mara,
          uniq_mennas
Vaults:4: vaults_room_door_hall, st_more_cells, v_misc_28, vaults_dpeg_hooks,
          ontoclasm_vaults_hangar, v_alt_pattern_3, vaults_room_semicircle,
          ontoclasm_vaults_misaligned, grunt_vaults_twisty,
          vaults_mumra_chevron_long, nicolae_vaults_twisting_passages,
          grunt_vaults_focal, vaults_room_hallway, dpeg_vaults_monster_box,
          layout_vaults_maze
Vaults:5
Depths:1: layout_basic, pf_dread_powers_of_hell, serial_bayou_pond_a, hex_tiny,
          nooodl_food_tri, uniq_bai_suzhen
Depths:2: hangedman_cross_cluster, layout_cave_pools,
          hangedman_tar_grid_catacomb, serial_shops, shop,
          infiniplex_enter_wizlab_glasses, pan_entry, evilmike_minifort
Depths:3: hangedman_screamer, layout_honeycomb, rand_demon_pan_entry_7,
          minmay_holes, grunt_hell_entry_dis_mu, nrook_mini_backslash,
          st_stairs_1, minmay_shoptagon, minmay_staircase_bubble
Depths:4: minmay_the_grid_four_pointed_star_mashed
          [minmay_the_grid_triangle_9x9_from_above,
          minmay_the_grid_triangle_9x9_cache,
          minmay_the_grid_triangle_9x9_shrine,
          minmay_the_grid_triangle_9x9_fully_insulated_deathbox,
          minmay_the_grid_prize_shrinking_boxes], layout_cave_pools, hell_entry,
          grunt_decor_one_mirror, hangedman_abyss_entry_splay
Depths:5: grunt_zot_entry_gee_three, layout_gridlike, enter_ziggurat_e,
          pf_coc_iceberg, hangedman_decor_riveting, grunt_pan_entry_in_and_out,
          grunt_ministairs_12, chequers_serial_rivers_large_a, uniq_jory
Zot:1:    layout_cathedral_of_symmetry, gammafunk_ghost_tricky_traps
Zot:2:    layout_concentric_octagons, gammafunk_ghost_tricky_traps
Zot:3:    layout_gridville, lemuel_baited_zot_trap
Zot:4:    layout_onion_interference
Zot:5:    layout_misc_corridors

Skill      XL: |  1  2  3  4  5  6  7  8  9 10 11 12 13 14 15 16 17 18 19 20 21 22 23 24 25 26 |
---------------+-------------------------------------------------------------------------------+-----
Spellcasting   | 2 3 4 5 6 7 8 9 10 11 12 13 14 | 14.3
Conjurations   | 4 5 6 7 8 9 10 11 12 13 14 15 16 17 18 19 | 19.3
Stealth        | 2 3 4 |  4.0
Dodging        | 2 4 5 7 10 12 13 | 13.9
Fighting       | 1 3 4 6 7 8 10 11 12 13 14 15 16 17 18 19 20 | 20.5
Charms         | 1 4 5 6 8 |  8.0
Necromancy     | 1 4 6 |  6.0
Hexes          | 2 4 6 |  6.0
Armour         | 3 5 6 7 9 11 13 14 15 | 15.0
Translocations | 2 3 |  3.0
Evocations     | 2 5 7 8 9 10 11 12 14 15 | 15.0
Ice Magic      | 3 6 8 9 |  9.0
Shields        | 4 |  4.0
Poison Magic   | 3 |  3.0
Air Magic      | 3 6 8 9 |  9.0
Summonings     | 4 7 9 12 13 | 13.0
Earth Magic    | 4 6 |  6.0

Action                   |  1- 3 |  4- 6 |  7- 9 | 10-12 | 13-15 | 16-18 | 19-21 | 22-24 | 25-27 || total
-------------------------+-------+-------+-------+-------+-------+-------+-------+-------+-------++-------
Melee: Falchion          |     8 |    11 |       |       |       |       |       |       |       ||    19
       Quarterstaff      |       |       |     6 |       |       |       |       |       |       ||     6
       War axe           |       |       |     5 |    55 |       |       |       |       |       ||    60
       Mace              |       |       |       |    15 |   208 |   129 |    68 |   113 |    25 ||   558
       Scimitar          |       |       |       |       |       |       |    46 |     3 |     2 ||    51
Throw: Stone             |     3 |       |       |       |       |       |       |       |       ||     3
       Dart              |       |    13 |    40 |    99 |    60 |     4 |       |       |       ||   216
       Throwing net      |       |       |       |       |     1 |       |       |       |       ||     1
 Cast: Magic Dart        |    40 |    10 |    14 |    75 |   216 |   205 |   164 |     7 |       ||   731
       Searing Ray       |    29 |    42 |   105 |   251 |   382 |   388 |   355 |   148 |    49 ||  1749
       Iskenderun's Myst |       |       |     4 |    52 |   187 |   101 |   116 |   110 |    23 ||   593
       Regeneration      |       |       |     4 |    26 |    71 |    47 |    59 |    81 |   125 ||   413
       Iskenderun's Batt |       |       |       |    43 |   193 |   237 |   242 |     8 |       ||   723
       Fulminant Prism   |       |       |       |     2 |     1 |       |       |       |       ||     3
       Blink             |       |       |       |       |    22 |     6 |    14 |    10 |    17 ||    69
       Conjure Flame     |       |       |       |       |    15 |     1 |       |       |       ||    16
       Freezing Cloud    |       |       |       |       |     3 |    92 |   194 |   113 |    43 ||   445
       Poisonous Vapours |       |       |       |       |   174 |   172 |    36 |    11 |       ||   393
       Ozocubu's Armour  |       |       |       |       |       |    16 |       |       |       ||    16
       Orb of Destructio |       |       |       |       |       |    14 |    24 |    87 |   132 ||   257
       Summon Mana Viper |       |       |       |       |       |     6 |    43 |   124 |    44 ||   217
       Apportation       |       |       |       |       |       |     5 |       |     2 |       ||     7
       Spellforged Servi |       |       |       |       |       |       |       |   117 |    87 ||   204
       Borgnjor's Vile C |       |       |       |       |       |       |       |    58 |    92 ||   150
       Sublimation of Bl |       |       |       |       |       |       |       |    97 |   214 ||   311
       Shadow Creatures  |       |       |       |       |       |       |       |     2 |     9 ||    11
 Abil: Evoke Invisibilit |       |       |       |       |       |    10 |     1 |     3 |       ||    14
       Evoke Flight      |       |       |       |       |       |     1 |       |     2 |       ||     3
Evoke: Wand              |       |       |       |     8 |    17 |    22 |    24 |     9 |    15 ||    95
       Lightning rod     |       |       |       |       |    13 |    11 |    11 |       |     2 ||    37
       Sack of spiders   |       |       |       |       |     4 |       |       |     1 |       ||     5
       Lamp of fire      |       |       |       |       |       |     1 |     3 |     2 |       ||     6
       Fan of gales      |       |       |       |       |       |       |       |     1 |       ||     1
  Use: Scroll            |     6 |     9 |     7 |    12 |    13 |    29 |    14 |    12 |    12 ||   114
       Potion            |       |       |     1 |     1 |    18 |    11 |     8 |     9 |     8 ||    56
 Stab: Sleeping          |     2 |     4 |       |     1 |     2 |       |       |     1 |       ||    10
       Invisible         |       |       |       |       |       |     1 |       |     2 |       ||     3
       Distracted        |       |       |       |       |       |       |     1 |     1 |     1 ||     3
       Paralysed         |       |       |       |       |       |       |       |     1 |       ||     1
  Eat: Chunk             |     8 |     9 |    18 |    53 |    55 |    32 |    53 |    48 |    42 ||   318
       Ration            |       |     1 |     1 |     2 |    18 |    24 |    13 |    12 |    19 ||    90
Armor: Robe              |    11 |    17 |    39 |     6 |       |       |       |       |       ||    73
       Troll leather arm |       |       |       |   171 |   225 |   404 |     7 |       |       ||   807
       Ring mail         |       |       |       |       |   269 |    45 |       |       |       ||   314
       Scale mail        |       |       |       |       |       |       |   405 |   213 |    99 ||   717
Dodge: Dodged            |    20 |    43 |    98 |   487 |  1294 |  1211 |   654 |   334 |   287 ||  4428
Block: Buckler           |       |       |       |       |   218 |   520 |   324 |   162 |    95 ||  1319
       Rpst.: Falchion   |     6 |    16 |    14 |       |       |       |       |       |       ||    36
       Scimitar          |       |       |       |       |       |       |    31 |     3 |       ||    34
